 Dungeon Crawl Stone Soup version 0.31-a0-801-gc67433417a (webtiles) character file.

Game seed: 9681209365534037465

77 Essalna the Conjurer (level 4, 30/30 HPs)
             Began as a Demonspawn Conjurer on Sept 20, 2023.
             Got out of the dungeon alive.
             The game lasted 00:02:03 (1386 turns).

Essalna the Conjurer (Demonspawn Conjurer)          Turns: 1386, Time: 00:02:04

Health: 30/30      AC:  2    Str:  7    XL:     4   Next: 13%
Magic:  8/8        EV: 12    Int: 22    God:
Gold:   69         SH:  0    Dex: 11    Spells: 8/9 levels left

rFire   . . .        d - +0 dagger
rCold   . . .        (no shield)
rNeg    . . .        a - +0 robe
rPois   .            (no helmet)
rElec   .            (no cloak)
rCorr   .            (no gloves)
SInv    .            (no boots)
Will    .....        (no amulet)
Stlth   ++           (no ring)
HPRegen 0.25/turn    (no ring)
MPRegen 0.11/turn

%: no passive effects
@: no status effects
A: spiny 2, weakness stinger 1
a: no special abilities


You escaped.
You visited 1 branch of the dungeon, and saw 2 of its levels.

You collected 69 gold pieces.

Inventory:

Hand Weapons
 d - a +0 dagger (weapon)
Armour
 a - a +0 robe (worn)
Scrolls
 c - 3 scrolls of identify {unknown}
Potions
 b - a potion of magic
 e - a potion of haste {unknown}


   Skills:
 - Level 1.7 Dodging
 - Level 1.7 Stealth
 + Level 3.2 Spellcasting
 + Level 4.9 Conjurations


You had 8 spell levels left.
You knew the following spells:

 Your Spells              Type           Power      Damage    Failure   Level
a - Magic Dart            Conj           100%       1d8       1%          1

Your spell library contained the following spells:

 Spells                   Type           Power      Damage    Failure   Level
 Searing Ray              Conj           50%        2d6       2%          2
 Necrotise                Necr           12%        1d4       12%         1
 Dazzling Flash           Conj/Hex       28%        N/A       13%         3
 Lesser Beckoning         Tloc           6%         N/A       19%         2
 Gell's Gravitas          Tloc           3%         N/A       36%         3
 Teleport Other           Tloc           3%         N/A       36%         3
 Vampiric Draining        Necr           3%         2d6       36%         3
 Fulminant Prism          Conj/Hex       7%         3d6       41%         4
 Iskenderun's Mystic Bla  Conj/Tloc      14%        2d5       41%         4
 Agony                    Necr           3%         N/A       98%         5


Dungeon Overview and Level Annotations

Branches:
Dungeon (2/15)

Altars:


Innate Abilities, Weirdness & Mutations

You are mostly covered in sharp spines.
You have a small tail.


Message History

The gnoll misses you.
Casting: Magic Dart (safe; 1% risk of failure)
Confirm with . or Enter, or press ? or * to list all spells.
Aiming: Magic Dart (safe; 1% risk of failure)
Press: ? - help, Shift-Dir - straight line, f - gnoll
Aim: a gnoll, wielding a +0 flail (100% to hit)
The magic dart hits the gnoll.
The gnoll is moderately wounded.
The bat hits you. The gnoll is struck by your spines.
The gnoll closely misses you.
You barely miss the bat.
The bat is moderately wounded.
The bat is struck by your spines.
You kill the bat!
The gnoll hits you with a +0 flail!
* * * LOW HITPOINT WARNING * * *
The gnoll attacks as it pursues you! The gnoll is struck by your spines.
The gnoll barely misses you.
You see here a bat corpse.
Casting: Magic Dart (safe; 1% risk of failure)
Confirm with . or Enter, or press ? or * to list all spells.
Aiming: Magic Dart (safe; 1% risk of failure)
Press: ? - help, Shift-Dir - straight line, f/p - gnoll
Aim: a gnoll, wielding a +0 flail (almost dead, 100% to hit)
The magic dart hits the gnoll.
You kill the gnoll!
You have reached level 4!
You feel clever.
Your demonic ancestry asserts itself...
You grow a small tail.
You now have 47 gold pieces (gained 7).
Things that are here:
a +0 flail; a gnoll corpse You now have 54 gold pieces (gained 7).
You see here a +0 club.
You now have 69 gold pieces (gained 15).
e - a yellow potion
There is an escape hatch in the ceiling here.
A mysterious force pulls you upwards. The hatch slams shut behind you.
There is a staircase leading out of the dungeon here.
You have escaped!

..........#
###........#
####..#...# ##.......#
##...#.# #.......#
#....#.# #.......#
#.##.#.# #####...#
#.##.#.##### ##.##
#.##.......# ######
#.#
###.###......###....##
##.## ##...#
#####...#@.....###...#
#..###
#.#.##......##...#
#.##
#.#.........##...# ..#
#.#.........###### .##
###...........# ##
#...#.........# #
#.####.......##
#.............#
#..~~~........#


There were no monsters in sight!

Vanquished Creatures
  3 gnolls (D:2)
  A dart slug (D:2)
  4 endoplasms (D:1)
  A giant cockroach (D:1)
  8 goblins (D:1)
  A hobgoblin (D:1)
  7 jackals
  2 quokkas
  6 ball pythons
  3 bats
  A frilled lizard (D:1)
  3 kobolds
  2 rats (D:1)
42 creatures vanquished.

Notes
Turn   | Place    | Note
-------+----------+-------------------------------------------
     0 | D:1      | Essalna the Demonspawn Conjurer began the quest for the
                  | Orb.
     0 | D:1      | Reached XP level 1. HP: 13/13 MP: 3/3
     2 | D:1      | Found a faded altar of an unknown god.
   277 | D:1      | Gained mutation: You are partially covered in sharp spines.
                  | [demonic ancestry]
   277 | D:1      | Reached XP level 2. HP: 19/19 MP: 1/5
   713 | D:1      | Gained mutation: You are mostly covered in sharp spines.
                  | [demonic ancestry]
   713 | D:1      | Reached XP level 3. HP: 24/24 MP: 5/7
  1229 | D:2      | Gained mutation: You have a small tail. [demonic ancestry]
  1229 | D:2      | Reached XP level 4. HP: 6/30 MP: 0/8
  1386 | D:$      | Got out of the dungeon alive.

Illustrated notes

Levels and vault maps discovered:
D:1:      saegor_arrival_simple_a, layout_rooms,
          hellmonk_ecumenical_altar_pennies_from_heaven,
          minmay_misc_feat_diagonals, bh_walls_and_bars
D:2:      layout_basic, grunt_ministairs_12, minmay_tromino_v2

Skill      XL: |  1  2  3 |
---------------+----------+-----
Spellcasting   | 3 |  3.2
Dodging        | |  1.7
Stealth        | |  1.7
Conjurations   | |  4.9

Action                     |  1- 3 |  4- 6 || total
---------------------------+-------+-------++-------
  Melee: Unarmed           |    31 |       ||    31
         Dagger            |    39 |       ||    39
   Cast: Magic Dart        |    50 |       ||    50
   Stab: Sleeping          |     1 |       ||     1
 Armour: Robe              |    48 |       ||    48
  Dodge: Dodged            |    54 |       ||    54

Table legend: (Time is in decaauts)
 A = Elapsed time spent in this place.
 B = Non-inter-level travel time spent in this place.
 C = Inter-level travel time spent in this place.
 D = Time resting spent in this place.
 E = Time spent auto-exploring this place.
 F = Levels seen in this place.
 G = Mean time per level.
                   A        B        C        D        E       F      G
               +--------+--------+--------+--------+--------+-----+--------+
         Total |   1387 |   1318 |     69 |     24 |   1057 |   2 |  693.5 |
       Dungeon |   1387 |   1318 |     69 |     24 |   1057 |   2 |  693.5 |
               +--------+--------+--------+--------+--------+-----+--------+

Top non-repeatable levels by time:
     D:1: 1020 daAuts
     D:2: 367 daAuts
